 Dungeon Crawl Stone Soup version 0.22.1-6-g1668fe2c40 (webtiles) character file.

21763 Kohma the Spear-Bearer (level 12, -1/92 HPs)
             Began as a Demonspawn Gladiator on Jan 21, 2019.
             Was a Priest of Kikubaaqudgha.
             Slain by a death yak (18 damage)
             ... on level 1 of the Lair of Beasts.
             The game lasted 01:21:25 (17570 turns).

Kohma the Spear-Bearer (Demonspawn Gladiator)      Turns: 17570, Time: 01:21:25

Health: -1/92      AC: 13    Str: 18    XL:     12   Next: 57%
Magic:  0/19       EV: 13    Int: 16    God:    Kikubaaqudgha [***...]
Gold:   428        SH:  5    Dex: 14    Spells: 3/21 levels left

rFire    . . .     SeeInvis +   a - +7 trident of Malaise {pain, rN+ Str+4}
rCold    . . .     Gourm    .   G - +0 buckler
rNeg     + . .     Faith    .   U - +2 scale mail {MR+}
rPois    .         Spirit   +   (helmet restricted)
rElec    .         Reflect  .   K - +0 cloak
rCorr    .         Harm     .   j - +1 pair of gloves
MR       +....                  (no boots)
Stlth    ..........             (no amulet)
HPRegen  0.25/turn              E - +4 ring of slaying
MPRegen  0.32/turn              A - ring of see invisible

@: about to teleport
A: antennae 2, iridescent scales 1, spiny 2, magic shield, magic regeneration
a: Receive Corpses, Renounce Religion


You were on level 1 of the Lair of Beasts.
You worshipped Kikubaaqudgha.
Kikubaaqudgha was most pleased with you.
You were hungry.

You visited 3 branches of the dungeon, and saw 14 of its levels.
You also visited: Labyrinth.

You collected 747 gold pieces.
You spent 319 gold pieces at shops.

Inventory:

Hand Weapons
 a - the +7 trident of Malaise (weapon) {pain, rN+ Str+4}
   (You found it on level 9 of the Dungeon)

   In the hands of one skilled in necromantic magic, it inflicts extra damage on
   living creatures.
   It affects your strength (+4).
   It protects you from negative energy.
 B - a +0 hand crossbow of flaming
 D - a +1 scimitar of flaming
 N - the +8 longbow "Zephyr" {speed, Dex+3 SInv}
   (You found it in a labyrinth)

   Attacks with this weapon are significantly faster.
   It affects your dexterity (+3).
   It lets you see invisible.
Missiles
 d - 4 throwing nets (quivered)
 e - 260 stones
 p - 16 poisoned javelins
 w - 21 poisoned needles
Armour
 j - a +1 pair of gloves (worn)
 m - the +1 ring mail of Ippia {rElec Dex+3}
   (You found it on level 4 of the Dungeon)

   It affects your dexterity (+3).
   It insulates you from electricity.
 q - a +0 scale mail of fire resistance
 G - a +0 buckler (worn)
 K - a +0 cloak (worn)
 O - a +0 shield
 P - a +0 ring mail of fire resistance
 S - the +8 chain mail of Xom's Brutal Revenge {rCorr Str+4}
   (You found it in a labyrinth)

   It affects your strength (+4).
   It provides partial protection from all sources of acid and corrosion.
 U - a +2 scale mail of magic resistance (worn)
Magical Staves
 X - an uncursed staff of cold {unknown}
Jewellery
 t - an uncursed ring of fire
 y - an uncursed ring of stealth
 A - a ring of see invisible (right hand)
 C - an uncursed ring of magical power
 E - a +4 ring of slaying (left hand)
 F - a +2 ring of intelligence
Wands
 h - a wand of paralysis (58)
 s - a wand of polymorph (15)
 z - a wand of acid (15)
 M - a wand of digging (18)
 Q - a wand of enslavement (37)
 W - a wand of clouds (4)
Scrolls
 b - a scroll of fog
 i - a scroll of teleportation
 r - 4 scrolls of amnesia
 x - 6 scrolls of remove curse
 H - 3 scrolls of enchant weapon
 I - a scroll of summoning {unknown}
 J - 2 scrolls of identify
 R - a scroll of enchant armour
 T - a scroll of immolation
 Z - a scroll of vulnerability {unknown}
Potions
 c - a potion of heal wounds {unknown}
 g - 5 potions of curing
 l - a potion of might {unknown}
 n - 2 potions of mutation {unknown}
 o - 3 potions of flight
 u - 3 potions of brilliance
 v - 3 potions of magic
Miscellaneous
 k - a lamp of fire
 L - a box of beasts
 V - a crystal ball of energy
Comestibles
 f - 20 rations


   Skills:
 - Level 8.0 Fighting
 * Level 12.6 Polearms
 - Level 1.7 Throwing
 - Level 7.0 Dodging
 - Level 4.2 Shields
 - Level 5.0 Spellcasting
 - Level 3.0 Charms
 * Level 10.2 Necromancy


You had 3 spell levels left.
You knew the following spells:

 Your Spells              Type           Power        Failure   Level  Hunger
a - Animate Skeleton      Necr           N/A          1%          1    None
b - Regeneration          Chrm/Necr      ####......   11%         3    ###....
c - Animate Dead          Necr           N/A          8%          4    ####...
d - Dispel Undead         Necr           #####...     22%         5    ######.
e - Agony                 Necr           #####...     22%         5    ######.

Your spell library contained the following spells:

 Spells                   Type           Power        Failure   Level  Hunger
 Pain                     Necr           ####         1%          1    None
 Sublimation of Blood     Necr           #####.....   1%          2    #......
 Apportation              Tloc           #.....       45%         1    None
 Summon Butterflies       Summ           #.......     45%         1    None
 Lesser Beckoning         Tloc           #.........   83%         3    ###....
 Tukima's Dance           Hex            #.......     83%         3    ###....
 Excruciating Wounds      Chrm/Necr      ####......   67%         5    ######.
 Bolt of Draining         Conj/Necr      ###.......   87%         5    ######.
 Alistair's Intoxication  Tmut/Pois      #.......     100%        5    ######.
 Invisibility             Hex            #.......     100%        6    #######


Dungeon Overview and Level Annotations

Branches:
Dungeon (11/15)            Temple (1/1) D:7            Lair (2/6) D:10
 Spider (0/4) Lair:2          Orc (0/2) D:9
  Swamp: Lair:2-4    Shoals: Lair:2-4

Altars:
Ashenzari
Cheibriados
Dithmenos
Elyvilon
Fedhas
Gozag
Hepliaklqana
Kikubaaqudgha
Makhleb
Nemelex Xobeh
Okawaru
Qazlal
Ru
Sif Muna
Trog
Uskayaw
Vehumet
Wu Jian
Xom
Yredelemnul
Zin
The Shining One

Shops:
D:6 }   D:8 !   D:9 *%*

Annotations:
Lair:1 exclusion: downstairs


Innate Abilities, Weirdness & Mutations

You have a pair of antennae on your head.
You are partially covered in iridescent scales. (AC +2)
You are mostly covered in sharp spines.
When hurt, damage is shared between your health and your magic reserves.
You regenerate magic rapidly.


Message History

* * * LOW HITPOINT WARNING * * *
Something barely misses your crocodile zombie.
Your eight-headed hydra zombie bites the dream sheep but does no damage.
Your eight-headed hydra zombie bites the dream sheep!
Your eight-headed hydra zombie bites the dream sheep.
Your eight-headed hydra zombie bites the dream sheep!
The dream sheep dies!
Kikubaaqudgha accepts your kill.
The yak gores your five-headed hydra zombie!
You climb upwards.
Level annotation: exclusion: downstairs
There is a stone staircase leading down here.
Okay, then.
Okay, then.
Evoke which item? (* to show all) (? for menu, Esc to quit)
Okay, then.
As you read the scroll of teleportation, it crumbles to dust.
You feel strangely unstable. The death yak gores you!!
You die...
Kikubaaqudgha rasps: "You have failed me!
Welcome... death!"

# ##...# #..##....P# ##
#...P# ##..#....### P#
#....#### ##..#.....# ##
###......# ##.......# .####
#P.......### #..#....#
....### ##.........#
##......# ......###
#.........# #.....##
........##
##....Y....######...#
.........# #....@Y.....P#
##.###
.........###............##
#...##
..........##.............#
###..#
.........##..............##
##..
.........##...............#
##..
.........#P..............##
#...
........#................##
##...
.......>##.............##.#
#....
......####.#........#.P####
#....


You could see 2 death yaks.

Vanquished Creatures
  A minotaur (Lab)
  Josephine (D:10)
  A hydra (Lair:2)
  A death knight (D:11)
  2 two-headed ogres (D:10)
  2 unseen horrors (D:10)
  An ugly thing (D:11)
  A black mamba (Lair:1)
  A minotaur zombie (Lab)
  A centaur skeleton (D:11)
  An efreet (D:11)
  2 jumping spiders (Lair:2)
  4 trolls
  A hornet (D:11)
  2 hippogriffs
  3 blink frogs (Lair:2)
  2 redbacks (Lair:2)
  A spriggan (D:7)
  A vampire (D:11)
  3 wraiths (D:10)
  10 yaks
  2 wyverns
  6 basilisks
  3 acid dragons (D:11)
  5 water moccasins
  Duvessa (D:6)
  2 porcupines (Lair:1)
  4 orc warriors
  A phantom (D:7)
  5 black bears
  6 sky beasts
  A necrophage (D:11)
  2 ice beasts
  4 ogres
  8 centaurs
  2 crocodiles
  A big kobold (D:10)
  7 bullfrogs
  A gnoll sergeant (D:11)
  Dowan (D:6)
  A wyvern skeleton (D:10)
  A scorpion (D:4)
  16 killer bees
  3 wights (D:6)
  5 crimson imps
  5 howler monkeys
  A lava snake (D:8)
  A centaur zombie (D:11)
  A bullfrog zombie (D:9)
  A quasit (D:6)
  2 bullfrog skeletons (D:8)
  3 hounds
  4 jellies
  9 orc priests
  Crazy Yiuf (D:6)
  5 orc wizards
  5 iguanas
  17 worker ants
  A howler monkey zombie (D:11)
  7 gnolls
  8 adders
  An ooze (D:5)
  2 adder zombies
  An adder skeleton (D:5)
  A worm (D:2)
  A dart slug (D:1)
  3 leopard geckos
  44 orcs
  4 giant cockroaches
  4 goblins
  6 hobgoblins
  9 jackals
  4 quokkas
  A ball python (D:1)
  3 bats
  5 frilled lizards
  12 kobolds
  7 rats
309 creatures vanquished.

Vanquished Creatures (collateral kills)
  3 death yaks (Lair:2)
  2 blink frogs (Lair:2)
  3 dream sheep (Lair:2)
  A hippogriff (Lair:2)
  5 yaks (Lair:2)
  A porcupine (Lair:2)
  2 killer bees (D:9)
  A centaur zombie (D:10)
  An orc priest (D:9)
  2 orc wizards (D:9)
  2 gnolls (D:11)
  5 orcs (D:9)
28 creatures vanquished.

Vanquished Creatures (others)
  5 dream sheep (D:9)
  2 plants (Lair:2)
7 creatures vanquished.

Grand Total: 344 creatures vanquished

Notes
Turn   | Place    | Note
-------+----------+-------------------------------------------
     0 | D:1      | Kohma the Demonspawn Gladiator began the quest for the Orb.
     0 | D:1      | Reached XP level 1. HP: 16/16 MP: 1/1
   304 | D:1      | Reached skill level 3 in Polearms
   304 | D:1      | Gained mutation: When hurt, damage is shared between your
                  | health and your magic reserves. [demonic ancestry]
   304 | D:1      | Reached XP level 2. HP: 18/22 MP: 2/2
  1148 | D:2      | Found a basalt altar of Yredelemnul.
  1151 | D:2      | Found a bloodstained altar of Trog.
  1151 | D:2      | Found a sacrificial altar of Ru.
  1155 | D:2      | Gained mutation: You are partially covered in iridescent
                  | scales. (AC +2) [demonic ancestry]
  1155 | D:2      | Reached XP level 3. HP: 28/28 MP: 3/3
  1159 | D:2      | Found a shattered altar of Ashenzari.
  1654 | D:3      | Found an iron altar of Okawaru.
  2541 | D:3      | Found a shimmering altar of Xom.
  2620 | D:4      | Reached XP level 4. HP: 34/34 MP: 4/4
  2747 | D:3      | Reached skill level 4 in Polearms
  2767 | D:4      | Gained mutation: You have a pair of small antennae on your
                  | head. [demonic ancestry]
  2767 | D:4      | Reached XP level 5. HP: 30/41 MP: 2/5
  3267 | D:4      | Gained mutation: You have a pair of antennae on your head.
                  | [demonic ancestry]
  3267 | D:4      | Reached XP level 6. HP: 35/47 MP: 4/6
  3373 | D:4      | Found a burning altar of Makhleb.
  3499 | D:4      | Reached skill level 5 in Polearms
  3778 | D:4      | Got an ichor-stained ring mail
  3789 | D:4      | Identified the +1 ring mail of Ippia {rElec Dex+3} (You
                  | found it on level 4 of the Dungeon)
  4094 | D:5      | Entered Level 5 of the Dungeon
  4379 | D:5      | Reached XP level 7. HP: 32/54 MP: 3/7
  4866 | D:5      | Reached skill level 6 in Polearms
  5490 | D:6      | Found Roopny's Gadget Emporium.
  5523 | D:6      | Bought a wand of acid (9) for 286 gold pieces
  5563 | D:6      | Reached skill level 5 in Dodging
  5563 | D:6      | Reached XP level 8. HP: 48/61 MP: 5/8
  5566 | D:6      | Reached skill level 5 in Fighting
  5740 | D:6      | Noticed Duvessa
  5741 | D:6      | Noticed Dowan
  5771 | D:6      | Killed Duvessa
  5771 | D:6      | Reached skill level 7 in Polearms
  5776 | D:6      | Killed Dowan
  6225 | D:6      | Found a hide-covered altar of Uskayaw.
  6850 | D:6      | Found a runed door.
  6854 | D:6      | Noticed Crazy Yiuf
  6859 | D:6      | Killed Crazy Yiuf
  7106 | D:7      | Reached skill level 8 in Polearms
  7415 | D:7      | Found a bloodstained altar of Trog.
  7424 | D:7      | Gained mutation: You are partially covered in sharp spines.
                  | [demonic ancestry]
  7424 | D:7      | Reached XP level 9. HP: 60/69 MP: 6/9
  7607 | D:7      | Reached skill level 9 in Polearms
  8071 | D:7      | Found a radiant altar of Vehumet.
  8071 | D:7      | Found a burning altar of Makhleb.
  8249 | D:7      | Found a staircase to the Ecumenical Temple.
  8258 | Temple   | Entered the Ecumenical Temple
  8363 | Temple   | Became a worshipper of Kikubaaqudgha
  9299 | D:8      | Found Mikemmec's Distillery.
  9302 | D:8      | Bought a potion of curing for 33 gold pieces
  9550 | D:8      | Gained mutation: You regenerate magic rapidly. [demonic
                  | ancestry]
  9550 | D:8      | Reached XP level 10. HP: 66/79 MP: 7/10
  9570 | D:8      | Reached skill level 1 in Necromancy
  9712 | D:9      | Got a jewelled trident
  9713 | D:9      | Identified the +7 trident of Malaise {pain, rN+ Str+4} (You
                  | found it on level 9 of the Dungeon)
  9800 | D:9      | Reached * piety under Kikubaaqudgha
  9800 | D:9      | Identified Kikubaaqudgha's Disquisition on Darkness
                  | (Kikubaaqudgha gifted it to you on level 9 of the Dungeon)
  9800 | D:9      | Received a gift from Kikubaaqudgha
  9801 | D:9      | Reached skill level 1 in Spellcasting
  9822 | D:9      | Learned a level 1 spell: Animate Skeleton
  9826 | D:9      | Learned a level 3 spell: Regeneration
  9862 | D:9      | Reached skill level 1 in Shields
  9868 | D:9      | Found Simuavec's General Store.
  9944 | D:9      | Found Kaowav's Food Shoppe.
  9951 | D:9      | Found Qutzi's General Store.
  9982 | D:9      | Reached skill level 10 in Polearms
 10015 | D:9      | Found a shimmering altar of Xom.
 10266 | D:9      | Reached ** piety under Kikubaaqudgha
 11051 | D:9      | Found a staircase to the Orcish Mines.
 11156 | D:9      | Found a deep blue altar of Sif Muna.
 11293 | D:10     | Entered Level 10 of the Dungeon
 11330 | D:10     | Noticed an unseen horror
 11343 | D:10     | Killed an unseen horror
 11481 | D:10     | Noticed Josephine
 11492 | D:10     | Reached skill level 5 in Necromancy
 11501 | D:10     | Killed Josephine
 11501 | D:10     | Reached XP level 11. HP: 50/86 MP: 10/15
 11507 | D:10     | Noticed a two-headed ogre
 11519 | D:10     | Killed a two-headed ogre
 11891 | D:10     | Found a staircase to the Lair.
 12181 | D:10     | Noticed an unseen horror
 12185 | D:10     | Killed an unseen horror
 12273 | D:10     | Reached skill level 11 in Polearms
 12625 | D:11     | Found a labyrinth entrance.
 12676 | Lab      | Entered a labyrinth
 13506 | Lab      | Noticed a minotaur
 13540 | Lab      | Killed a minotaur
 13584 | Lab      | Found the +8 longbow "Zephyr" {speed, Dex+3 SInv}
 13585 | Lab      | Got a heavily runed chain mail
 13952 | D:11     | Identified the +8 chain mail of Xom's Brutal Revenge {rCorr
                  | Str+4} (You found it in a labyrinth)
 14022 | D:11     | Noticed a brown ugly thing
 14033 | D:11     | Killed a brown ugly thing
 14196 | D:11     | Noticed a two-headed ogre
 14206 | D:10     | Killed a two-headed ogre
 14892 | D:11     | Noticed a death knight
 14903 | D:11     | Killed a death knight
 15107 | D:11     | Reached *** piety under Kikubaaqudgha
 15107 | D:11     | Identified Kikubaaqudgha's Papyrus of Evil (Kikubaaqudgha
                  | gifted it to you on level 11 of the Dungeon)
 15107 | D:11     | Received a gift from Kikubaaqudgha
 15117 | D:11     | Learned a level 4 spell: Animate Dead
 15123 | D:11     | Learned a level 5 spell: Dispel Undead
 15129 | D:11     | Learned a level 5 spell: Agony
 15424 | Lair:1   | Entered Level 1 of the Lair of Beasts
 15580 | Lair:1   | Gained mutation: You are mostly covered in sharp spines.
                  | [demonic ancestry]
 15580 | Lair:1   | Reached XP level 12. HP: 92/92 MP: 19/19
 15602 | Lair:1   | Reached skill level 5 in Spellcasting
 15739 | Lair:1   | Reached skill level 1 in Charms
 15748 | Lair:1   | Reached skill level 12 in Polearms
 16758 | Lair:2   | Noticed a death yak
 16758 | Lair:2   | Noticed a death yak
 16758 | Lair:2   | Noticed a death yak
 16759 | Lair:2   | Noticed a death yak
 16759 | Lair:2   | Noticed a death yak
 16761 | Lair:2   | Noticed a death yak
 17112 | Lair:2   | Found a hole to the Spider Nest.
 17446 | Lair:2   | Noticed an eight-headed hydra
 17456 | Lair:2   | Killed an eight-headed hydra
 17553 | Lair:2   | Killed a death yak
 17553 | Lair:2   | Reached skill level 10 in Necromancy
 17557 | Lair:2   | Killed a death yak
 17561 | Lair:2   | Killed a death yak
 17570 | Lair:1   | Slain by a death yak

Skill      XL: |  1  2  3  4  5  6  7  8  9 10 11 12 |
---------------+-------------------------------------+-----
Polearms       | 3 4 5 6 8 9 10 11 12 | 12.6
Dodging        | 3 4 5 6 7 |  7.0
Fighting       | 3 4 6 7 8 |  8.0
Necromancy     | 5 8 10 | 10.2
Spellcasting   | 3 4 5 |  5.0
Shields        | 2 4 |  4.2
Charms         | 3 |  3.0
Throwing       | |  1.7

Action                   |  1- 3 |  4- 6 |  7- 9 | 10-12 || total
-------------------------+-------+-------+-------+-------++-------
Melee: Trident           |   155 |   172 |   375 |   408 ||  1110
Throw: Throwing net      |       |       |     2 |       ||     2
 Cast: Animate Skeleton  |       |       |       |    47 ||    47
       Regeneration      |       |       |       |     4 ||     4
       Animate Dead      |       |       |       |    16 ||    16
Invok: Receive Corpses   |       |       |       |     7 ||     7
Evoke: Wand              |       |       |     3 |       ||     3
  Use: Potion            |       |     4 |       |     2 ||     6
       Scroll            |       |       |    16 |     8 ||    24
 Stab: Distracted        |       |       |     1 |     5 ||     6
       Paralysed         |       |       |     2 |       ||     2
  Eat: Chunk             |     5 |     6 |    15 |     8 ||    34
       Ration            |       |       |       |     7 ||     7
Armor: Leather armour    |    11 |       |       |       ||    11
       Ring mail         |    43 |    67 |    93 |    74 ||   277
       Skin              |       |       |       |     5 ||     5
       Scale mail        |       |       |       |    22 ||    22
Dodge: Dodged            |    98 |   143 |   198 |   208 ||   647
Block: Buckler           |       |       |       |    37 ||    37
